 Dungeon Crawl Stone Soup version 0.29.1-15-g9cfb28693d (webtiles) character file.

Game seed: 7417740690590878485

3492 raph the Thaumaturge (level 10, -19/109 HPs)
             Began as a Djinni Fire Elementalist on Apr 22, 2023.
             Was a Follower of Makhleb.
             Killed from afar by a shock serpent (shapeshifter) (25 damage)
             ... with a bolt of electricity
             ... on level 8 of the Dungeon.
             The game lasted 00:13:04 (12404 turns).

raph the Thaumaturge (Djinni Fire Elementalist)    Turns: 12404, Time: 00:13:05

Health: -19/109    AC: 10    Str:  7    XL:     10   Next: 28%
Gold:   174        EV: 15    Int: 21    God:    Makhleb [*.....] SH:  8 Dex: 14

rFire   + + .      SeeInvis .   o - +0 morningstar
rCold   x . .      Faith    .   x - +0 buckler
rNeg    . . .      Spirit   .   a - +0 robe
rPois   ∞          Reflect  +   (no helmet)
rElec   .          Harm     .   z - +1 cloak
rCorr   .          Rampage  .   g - +1 pair of gloves
Will    +....                   (boots unavailable)
Stlth   ..........              s - amulet of reflection
HPRegen 0.28/turn               d - ring of wizardry
MPRegen 0.00/turn               p - +4 ring of protection

@: berserking, flying, very quick
A: sickness immunity, fire resistance 2, cold vulnerability 1, float, innate
caster, HP casting, extra vitality 1
a: Renounce Religion


You were on level 8 of the Dungeon.
You worshipped Makhleb.
Makhleb was aware of your devotion.
You visited 2 branches of the dungeon, and saw 9 of its levels.

You collected 498 gold pieces.
You spent 324 gold pieces at shops.

Inventory:

Hand Weapons
 b - a +0 quarterstaff
 o - a +0 morningstar (weapon)
Missiles
 i - 11 poisoned darts
 v - a throwing net
Armour
 a - a +0 robe (worn)
 g - a +1 pair of gloves (worn)
 r - a scarf of repulsion
 x - a +0 buckler (worn)
 z - a +1 cloak (worn)
Jewellery
 d - a ring of wizardry (left hand)
 e - a ring of see invisible
 f - a ring of wizardry
 h - a ring of positive energy
 m - a ring of fire
 p - a +4 ring of protection (right hand)
 s - an amulet of reflection (around neck)
Wands
 y - a wand of polymorph (20)
Scrolls
 l - 4 scrolls of teleportation
 A - 2 scrolls of poison
 B - a scroll of identify
 C - a scroll of blinking
 D - a scroll of fear
Potions
 c - 8 potions of might
 j - 4 potions of mutation
 k - a potion of cancellation
 q - 3 potions of lignification
 t - 3 potions of brilliance
 u - 2 potions of haste
 w - 5 potions of curing


   Skills:
 + Level 6.8 Fighting
 + Level 8.0 Dodging
 - Level 1.5 Stealth
 * Level 8.1 Spellcasting


You had 3 spell levels left.
You knew the following spells:

 Your Spells              Type           Power      Damage    Failure   Level
a - Foxfire               Conj/Fire      100%       2x1d9     1%          1
b - Scorch                Fire           84%        2d9       1%          2
c - Conjure Flame         Conj/Fire      42%        6-21      1%          3
d - Inner Flame           Hex/Fire       42%        N/A       1%          3
e - Flame Wave            Conj/Fire      42%        2d11      1%          4
f - Summon Small Mammal   Summ           100%       N/A       1%          1
g - Poisonous Vapours     Pois/Air       84%        N/A       1%          2
h - Ozocubu's Armour      Ice            42%        N/A       1%          3
i - Swiftness             Air            42%        N/A       1%          3
Your spell library was empty.

Dungeon Overview and Level Annotations

Branches:
Dungeon (8/15)             Temple (1/1) D:7
   Lair: D:8-11

Altars:
Cheibriados
Dithmenos
Elyvilon
Fedhas
Gozag
Hepliaklqana
Makhleb
Nemelex Xobeh
Trog
Yredelemnul
Zin

Shops:
D:1 (?   D:6 :   D:7 ?


Innate Abilities, Weirdness & Mutations

You are immune to sickness and miasma.
You are immune to poison.
Your flesh is very heat resistant. (rF++)
You are vulnerable to cold. (rC-)
You float through the air rather than walking.
You learn spells naturally, not from books.
Your magical power is your life essence.
You have superior vitality. (+4 MHP)


Message History

Confirm with . or Enter, or press ? or * to list all spells.
You conjure some foxfire!
The shock serpent hisses angrily.
The shock serpent shoots out a bolt of lightning at you!
The bolt of electricity hits you!!
Casting: Foxfire (safe; 1% risk of failure)
Confirm with . or Enter, or press ? or * to list all spells.
You conjure some foxfire!
The foxfire hits the gnoll.
The gnoll is moderately wounded.
Casting: Foxfire (safe; 1% risk of failure)
Confirm with . or Enter, or press ? or * to list all spells.
You conjure some foxfire!
The foxfire hits the gnoll.
The gnoll is heavily wounded.
The foxfire hits the gnoll!
You kill the gnoll!
Makhleb accepts your kill.
The foxfire hits the shock serpent but does no damage.
The foxfire hits the shock serpent.
The shock serpent is lightly wounded.
The foxfire hits the shock serpent.
The shock serpent is lightly wounded.
The shock serpent shoots out a bolt of lightning at you!
The bolt of electricity hits you!
Items here: )) [[ ††.
Casting: Foxfire (safe; 1% risk of failure)
Confirm with . or Enter, or press ? or * to list all spells.
The fire begins to smoulder!
The shock serpent shoots out a bolt of lightning at you!
The bolt of electricity hits you!!
* * * LOW HITPOINT WARNING * * *
The fire ignites!
Okay, then.
The shock serpent is engulfed in blazing flames.
The shock serpent's electric aura discharges, shocking you!
* * * LOW HITPOINT WARNING * * *
A red film seems to cover your vision as you go berserk!
You feel yourself moving faster!
You feel mighty!
The shock serpent shoots out a bolt of lightning at you!
The bolt of electricity hits you!!
You die...

# #..# #).# ####..# ##))#
#.....# #.v.# #.###.# ###
##.§.# #.# #.# #.# ###....#
#.# #.# #.# ######......#
#.# #.# #.# #........)..#
#.###.#
#######.####...........#
#.....#
........@S.§......######
###############.###########
..............#.###########
#############.#...........#
#...........#.###########.#
#.#########.#.....# #.# #.#
#.#####.#######.# ..# #<#
#.........# ### #.#
#########.#


You could see a shock serpent.

Vanquished Creatures
  Pikel (D:8)
  A hornet (D:8)
  4 yaks (D:8)
  An acid dragon (D:8)
  Menkaure (D:7)
  2 water moccasins (D:7)
  An orc warrior (D:6)
  A sky beast (D:8)
  3 ice beasts
  A black bear (D:7)
  3 centaurs (D:7)
  A phantom (D:5)
  A kobold brigand (D:8)
  A necrophage (D:6)
  A gnoll sergeant (D:8)
  A scorpion (D:5)
  2 jellies
  4 orc priests
  4 hounds
  3 iguanas
  2 orc wizards
  10 gnolls
  4 adders
  A shadow imp (D:5)
  3 white imps
  3 worms
  5 dart slugs
  28 orcs
  10 ball pythons
  6 bats
  7 endoplasms
  4 giant cockroaches
  7 goblins
  4 hobgoblins
  10 kobolds
  3 quokkas
  3 frilled lizards
  4 rats (D:1)
151 creatures vanquished.

Vanquished Creatures (collateral kills)
  3 foxfires
3 creatures vanquished.

Vanquished Creatures (others)
  An orc wizard (D:4)
  273 foxfires
  28 fungi
  A plant (D:1)
303 creatures vanquished.

Grand Total: 457 creatures vanquished

Notes
Turn   | Place    | Note
-------+----------+-------------------------------------------
     0 | D:1      | raph the Djinni Fire Elementalist began the quest for the
                  | Orb.
     0 | D:1      | raph set off with the following spells memorised: Foxfire,
                  | Scorch, Conjure Flame, Inner Flame, Flame Wave.
     0 | D:1      | Reached XP level 1. HP: 15/15 MP: 0/0
   425 | D:1      | Reached XP level 2. HP: 20/21 MP: 0/0
   441 | D:1      | Found a faded altar of an unknown god.
   727 | D:1      | Found Cyommed's Magic Scroll Shop.
   991 | D:1      | Reached XP level 3. HP: 12/26 MP: 0/0
   991 | D:1      | Learned a level 1 spell: Summon Small Mammal
   992 | D:1      | HP: 1/26 [kobold/+0 whip (4)]
  1675 | D:1      | Found Muxkep's Antique Weapon Emporium.
  1873 | D:1      | Reached skill level 1 in Fighting
  2078 | D:1      | Bought a scroll of identify for 20 gold pieces
  2423 | D:2      | Reached XP level 4. HP: 24/32 MP: 0/0
  3412 | D:3      | Reached XP level 5. HP: 37/37 MP: 0/0
  3412 | D:3      | Learned a level 2 spell: Poisonous Vapours
  4422 | D:1      | Bought a scroll of teleportation for 30 gold pieces
  4422 | D:1      | Bought a scroll of identify for 20 gold pieces
  4422 | D:1      | Bought a scroll of identify for 20 gold pieces
  4725 | D:4      | HP: 1/38 [orc wizard/magic dart (7)]
  5155 | D:4      | Reached XP level 6. HP: 39/43 MP: 0/0
  6014 | D:5      | Entered Level 5 of the Dungeon
  6949 | D:5      | Reached XP level 7. HP: 39/49 MP: 0/0
  6949 | D:5      | Learned a level 3 spell: Ozocubu's Armour
  7907 | D:6      | Reached skill level 5 in Spellcasting
  7915 | D:6      | Reached skill level 5 in Dodging
  7915 | D:6      | Reached XP level 8. HP: 12/58 MP: 0/0
  8478 | D:6      | Found Jeotuxze's Book Shop.
  8956 | D:7      | Found a snail-covered altar of Cheibriados.
  9005 | D:7      | Noticed Menkaure
  9415 | D:7      | Killed Menkaure
  9491 | D:7      | Found a staircase to the Ecumenical Temple.
  9500 | Temple   | Entered the Ecumenical Temple
  9529 | Temple   | Became a worshipper of Makhleb the Destroyer
  9647 | D:7      | Reached skill level 5 in Fighting
  9647 | D:7      | Reached XP level 9. HP: 57/65 MP: 0/0
  9647 | D:7      | Learned a level 3 spell: Swiftness
 10123 | D:7      | Found Simasuora's Magic Scroll Shop.
 10129 | D:7      | Bought a scroll of identify for 24 gold pieces
 10129 | D:7      | Bought a scroll of identify for 24 gold pieces
 10129 | D:7      | Bought 2 scrolls of identify for 48 gold pieces
 10129 | D:7      | Bought a scroll of blinking for 90 gold pieces
 10129 | D:7      | Bought a scroll of fear for 48 gold pieces
 10705 | D:8      | Noticed Pikel
 10718 | D:8      | Killed Pikel
 11050 | D:8      | Reached XP level 10. HP: 57/73 MP: 0/0
 12219 | D:8      | Reached * piety under Makhleb
 12391 | D:8      | Identified the +5 mace "Isydd" {freeze, rElec Will+ Dex+3}
 12394 | D:8      | Noticed a shock serpent
 12403 | D:8      | HP: 3/73 [shock serpent (shapeshifter)/electric aura (7)]
 12404 | D:8      | Killed from afar by a shock serpent (shapeshifter)

Illustrated notes

Levels and vault maps discovered:
D:1:      dpeg_arrival_pits, layout_loops_ring,
          dreamdust_ecumenical_altar_grove, serial_shops, shop, shop,
          minmay_vboxes
D:2:      minmay_general_purpose_star, layout_loops_cross, serial_bayou_pond_d,
          minmay_stone_trees_small
D:3:      layout_basic, grunt_ministairs_8
D:4:      layout_basic, portal_sewer_entry_e, corner_web_ring,
          minmay_crystal_water
D:5:      layout_basic, serial_aquarium, aquarium_bridge_island_small
          [aquarium_subvault_small_open, aquarium_subvault_window,
          aquarium_subvault_bridge, aquarium_subvault_bridge,
          aquarium_subvault_bridge], aquarium_bridge_square
          [aquarium_subvault_wall, aquarium_subvault_balcony,
          aquarium_subvault_bridge, aquarium_subvault_window],
          aquarium_window_1, aquarium_window_fake, aquarium_window_corridor_2,
          aquarium_window_fake, aquarium_view_2e, aquarium_balcony_double_1,
          nicolae_underground_beach
D:6:      layout_loops_ring, serial_shops, shop, grunt_ministairs_13,
          st_stairs_13, serial_park_tiny_pond, minmay_misc_feat_encased,
          dreamdust_gnoll_farm
D:7:      layout_rooms, cheibriados_altar_1, minmay_temple_entry_waves,
          serial_shops, shop, uniq_menkaure
D:8:      layout_basic, reono_crystal_passage, grunt_potential, uniq_pikel
Temple:   dpeg_three_leaves_temple

Skill      XL: |  1  2  3  4  5  6  7  8  9 10 |
---------------+-------------------------------+-----
Spellcasting   | 3 4 5 6 7 8 |  8.1
Fighting       | 1 2 3 5 6 |  6.8
Dodging        | 3 4 5 6 7 8 |  8.0
Stealth        | |  1.5

Action                   |  1- 3 |  4- 6 |  7- 9 | 10-12 || total
-------------------------+-------+-------+-------+-------++-------
Melee: Quarterstaff      |     8 |       |       |       ||     8
       Morningstar       |       |    37 |     1 |       ||    38
 Cast: Foxfire           |    45 |    67 |    40 |    16 ||   168
       Scorch            |    15 |    39 |    37 |     4 ||    95
       Conjure Flame     |       |     1 |     7 |     1 ||     9
       Inner Flame       |       |     1 |     6 |       ||     7
       Flame Wave        |       |       |    10 |     4 ||    14
  Use: Scroll            |     1 |    11 |     8 |     1 ||    21
       Potion            |       |     3 |       |     1 ||     4
 Stab: Sleeping          |       |     1 |       |       ||     1
Armor: Robe              |     3 |    16 |    14 |       ||    33
Dodge: Dodged            |    14 |    83 |    23 |     3 ||   123
       Repelled          |       |       |     1 |       ||     1
Block: Buckler           |       |       |    28 |     2 ||    30
       Reflection        |       |       |     1 |       ||     1
